[ PARTIDA AOE2 · #507883586 ]
UnrankedLituanos vs Magyars
Equipo del jugador · DERR
[ ANÁLISIS DE REPETICIÓN · EXTRAÍDO DE LA PARTIDA GRABADA ]
Feudal
10:15
Castillos
20:24
Imperial
39:08
| APM promedio | 57.0 |
| APM pico | 89 |
| eAPM promedio | 23.5 |
| Aldeanos / militares | 161 / 210 |
Foco
⚔️ 31.4% · 🌾 68.6%
Knight ×184 · Scout Cavalry ×20 · Trade Cart ×12 · Monk ×3 · Trebuchet (Packed) ×2 · Leitis ×1
Feudal
10:08
Castillos
22:24
Imperial
38:50
| APM promedio | 35.6 |
| APM pico | 83 |
| eAPM promedio | 22.1 |
| Aldeanos / militares | 225 / 379 |
Foco
⚔️ 41.8% · 🌾 58.2%
Magyar Huszar ×203 · Cavalry Archer ×147 · Trade Cart ×53 · Scout Cavalry ×14 · Trebuchet (Packed) ×10 · Spearman ×5
Feudal
10:12
Castillos
24:03
Imperial
42:19
| APM promedio | 28.1 |
| APM pico | 59 |
| eAPM promedio | 11.7 |
| Aldeanos / militares | 101 / 238 |
Foco
⚔️ 31.9% · 🌾 68.1%
Knight ×173 · Scout Cavalry ×65 · Trade Cart ×12
Feudal
11:52
Castillos
16:29
Imperial
37:06
| APM promedio | 57.8 |
| APM pico | 105 |
| eAPM promedio | 24.4 |
| Aldeanos / militares | 116 / 234 |
Foco
⚔️ 31.7% · 🌾 68.3%
Plumed Archer ×97 · Eagle Scout ×72 · Spearman ×65 · Trade Cart ×3
Feudal
8:45
Castillos
25:45
Imperial
45:54
| APM promedio | 67.2 |
| APM pico | 129 |
| eAPM promedio | 27.1 |
| Aldeanos / militares | 136 / 244 |
Foco
⚔️ 53.1% · 🌾 46.9%
Cavalry Archer ×200 · Scout Cavalry ×31 · Spearman ×7 · Archer ×3 · Skirmisher ×3 · Trade Cart ×1
Feudal
8:53
Castillos
21:39
Imperial
42:41
| APM promedio | 60.0 |
| APM pico | 117 |
| eAPM promedio | 32.0 |
| Aldeanos / militares | 220 / 267 |
Foco
⚔️ 31.0% · 🌾 69.0%
Camel Scout ×202 · Scout Cavalry ×60 · Trade Cart ×53 · Armored Elephant ×5
Feudal
11:01
Castillos
25:51
Imperial
42:25
| APM promedio | 23.8 |
| APM pico | 49 |
| eAPM promedio | 16.1 |
| Aldeanos / militares | 118 / 151 |
Foco
⚔️ 34.0% · 🌾 66.0%
Battle Elephant ×99 · Knight ×40 · Scout Cavalry ×12 · Trade Cart ×11
Feudal
9:44
Castillos
22:12
Imperial
41:06
| APM promedio | 39.1 |
| APM pico | 87 |
| eAPM promedio | 19.4 |
| Aldeanos / militares | 199 / 250 |
Foco
⚔️ 26.4% · 🌾 73.6%
Knight ×222 · Scout Cavalry ×27 · Trebuchet (Packed) ×1
Mapa de la partida
Recursos iniciales + cada clic de construcción. Líneas = muros · curvas = relieve. ◆ oro · ⬟ piedra · ● bayas · ✦ reliquia · ◌ hueco del cierre
Tu base· Abierta — flanco sin cerrar
Base de 虞小梅· Abierta — flanco sin cerrar
Base de DD2E D10 Bulldozer· ✓ Cerrada en 24:03 · 15t muro · sin puerta
Base de OzoneMX2022· Abierta — flanco sin cerrar
Base de AiM | Foreign Dish· ✓ Cerrada en 25:45 · 28t muro · 1 puerta(s)
Base de Landau· Abierta — hueco de 7t
Base de ReBeL_persi· Abierta — flanco sin cerrar
Base de Marley AoC· Abierta — flanco sin cerrar
Terreno inicial suavizado · ◌ = hueco del cierre detectado · pasá el cursor para detalles
Inputs por minuto
— Eldiano - - 虞小梅
Build order — Eldiano
Primeras 150 de 618 acciones detectadas
| 0:01 | Encolar | Villager (Male) |
| 0:01 | Encolar | Villager (Male) |
| 0:03 | Construir | House |
| 0:04 | Construir | House |
| 0:10 | Encolar | Villager (Male) |
| 0:10 | Encolar | Villager (Male) |
| 1:08 | Encolar | Villager (Male) |
| 1:08 | Encolar | Villager (Male) |
| 1:31 | Encolar | Villager (Male) |
| 1:45 | Construir | Lumber Camp |
| 2:01 | Encolar | Villager (Male) |
| 3:01 | Construir | House |
| 3:02 | Construir | House |
| 3:05 | Encolar | Villager (Male) |
| 3:44 | Encolar | Villager (Male) |
| 4:18 | Encolar | Villager (Male) |
| 4:34 | Construir | Palisade Wall |
| 4:45 | Encolar | Villager (Male) |
| 4:45 | Encolar | Villager (Male) |
| 5:07 | Construir | Palisade Wall |
| 5:11 | Encolar | Villager (Male) |
| 5:47 | Encolar | Villager (Male) |
| 5:59 | Construir | Mill |
| 6:02 | Encolar | Villager (Male) |
| 6:40 | Construir | Palisade Gate |
| 6:43 | Encolar | Villager (Male) |
| 7:05 | Encolar | Villager (Male) |
| 7:21 | Construir | Palisade Wall |
| 7:28 | Investigar | Loom |
| 7:58 | Investigar | Feudal Age |
| 8:42 | Construir | Barracks |
| 8:52 | Construir | House |
| 8:54 | Encolar | Villager (Male) |
| 9:54 | Encolar | Villager (Male) |
| 10:15 | Edad | Edad Feudal |
| 10:17 | Construir | Stable |
| 10:18 | Construir | House |
| 10:25 | Encolar | Villager (Male) |
| 10:28 | Investigar | Double-Bit Axe |
| 10:29 | Investigar | Horse Collar |
| 11:00 | Construir | Farm |
| 11:14 | Encolar | Scout Cavalry |
| 11:14 | Encolar | Scout Cavalry |
| 11:30 | Construir | Palisade Gate |
| 11:34 | Encolar | Villager (Male) |
| 11:37 | Construir | Farm |
| 11:38 | Construir | Farm |
| 11:41 | Construir | Farm |
| 11:51 | Encolar | Scout Cavalry |
| 11:54 | Encolar | Villager (Male) |
| 11:57 | Construir | Farm |
| 12:07 | Construir | House |
| 12:08 | Construir | House |
| 12:19 | Encolar | Scout Cavalry |
| 12:21 | Encolar | Villager (Male) |
| 12:44 | Construir | House |
| 12:54 | Construir | Farm |
| 13:04 | Construir | House |
| 13:05 | Construir | House |
| 13:22 | Encolar | Villager (Male) |
| 13:26 | Construir | Farm |
| 13:27 | Construir | Farm |
| 13:30 | Encolar | Villager (Male) |
| 13:53 | Construir | Farm |
| 13:56 | Construir | Farm |
| 13:56 | Encolar | Villager (Male) |
| 14:17 | Construir | House |
| 14:23 | Encolar | Villager (Male) |
| 14:30 | Construir | Mining Camp |
| 14:59 | Encolar | Villager (Male) |
| 15:05 | Construir | House |
| 15:06 | Construir | House |
| 15:09 | Encolar | Villager (Male) |
| 15:13 | Construir | Farm |
| 15:25 | Encolar | Villager (Male) |
| 15:32 | Construir | Blacksmith |
| 15:59 | Encolar | Villager (Male) |
| 16:05 | Construir | Farm |
| 16:11 | Construir | Farm |
| 16:53 | Encolar | Villager (Male) |
| 17:12 | Construir | Market |
| 17:19 | Encolar | Villager (Male) |
| 17:43 | Investigar | Castle Age |
| 18:21 | Construir | Stable |
| 20:01 | Construir | Palisade Gate |
| 20:17 | Investigar | Gold Mining |
| 20:24 | Edad | Edad de los Castillos |
| 20:29 | Encolar | Knight |
| 20:31 | Investigar | Bloodlines |
| 20:31 | Investigar | Husbandry |
| 20:33 | Encolar | Knight |
| 20:42 | Encolar | Villager (Male) |
| 20:50 | Construir | Town Center |
| 20:54 | Construir | Monastery |
| 20:55 | Encolar | Villager (Male) |
| 21:09 | Construir | House |
| 21:10 | Construir | House |
| 21:12 | Construir | House |
| 21:12 | Encolar | Villager (Male) |
| 21:15 | Investigar | Bow Saw |
| 21:22 | Encolar | Knight |
| 21:22 | Encolar | Knight |
| 21:22 | Encolar | Knight |
| 21:49 | Encolar | Knight |
| 21:49 | Encolar | Knight |
| 21:51 | Encolar | Villager (Male) |
| 22:01 | Encolar | Monk |
| 22:21 | Encolar | Villager (Male) |
| 22:21 | Encolar | Villager (Male) |
| 22:28 | Encolar | Villager (Male) |
| 22:28 | Encolar | Villager (Male) |
| 22:30 | Investigar | Wheelbarrow |
| 22:47 | Construir | Town Center |
| 22:50 | Investigar | Fervor |
| 23:01 | Encolar | Villager (Male) |
| 23:09 | Encolar | Monk |
| 23:16 | Construir | House |
| 23:18 | Construir | House |
| 23:20 | Investigar | Scale Barding Armor |
| 23:26 | Encolar | Villager (Male) |
| 23:26 | Encolar | Villager (Male) |
| 23:32 | Construir | Farm |
| 23:32 | Construir | Farm |
| 23:34 | Construir | Farm |
| 23:38 | Construir | Farm |
| 23:39 | Encolar | Villager (Male) |
| 23:40 | Construir | Farm |
| 23:41 | Encolar | Villager (Male) |
| 23:43 | Encolar | Villager (Male) |
| 23:49 | Construir | Farm |
| 23:50 | Construir | Farm |
| 23:58 | Encolar | Villager (Male) |
| 24:18 | Encolar | Monk |
| 24:20 | Encolar | Knight |
| 24:21 | Encolar | Knight |
| 24:21 | Encolar | Knight |
| 24:21 | Encolar | Villager (Male) |
| 24:22 | Encolar | Villager (Male) |
| 24:22 | Encolar | Villager (Male) |
| 24:26 | Construir | House |
| 24:27 | Construir | House |
| 24:28 | Construir | House |
| 24:28 | Encolar | Villager (Male) |
| 24:29 | Encolar | Villager (Male) |
| 24:30 | Encolar | Villager (Male) |
| 24:32 | Encolar | Villager (Male) |
| 24:34 | Encolar | Villager (Male) |
| 24:37 | Construir | Lumber Camp |
| 24:40 | Construir | Farm |
| 24:58 | Construir | Farm |
Build order — 虞小梅
Primeras 150 de 571 acciones detectadas
| 0:09 | Encolar | Villager (Male) ×4 |
| 0:09 | Encolar | Villager (Male) ×4 |
| 0:11 | Construir | House |
| 0:12 | Construir | House |
| 1:51 | Encolar | Villager (Male) |
| 1:51 | Encolar | Villager (Male) |
| 2:13 | Encolar | Villager (Male) |
| 2:13 | Encolar | Villager (Male) |
| 2:31 | Encolar | Villager (Male) |
| 2:31 | Encolar | Villager (Male) |
| 2:49 | Encolar | Villager (Male) |
| 2:49 | Encolar | Villager (Male) |
| 3:10 | Encolar | Villager (Male) |
| 3:11 | Encolar | Villager (Male) |
| 3:23 | Construir | Lumber Camp |
| 3:58 | Encolar | Villager (Male) |
| 3:58 | Encolar | Villager (Male) |
| 4:07 | Encolar | Villager (Male) |
| 4:07 | Encolar | Villager (Male) |
| 4:20 | Construir | House |
| 4:21 | Construir | House |
| 4:38 | Encolar | Villager (Male) |
| 4:38 | Encolar | Villager (Male) |
| 4:51 | Encolar | Villager (Male) ×2 |
| 4:51 | Encolar | Villager (Male) ×2 |
| 5:50 | Encolar | Villager (Male) |
| 5:50 | Encolar | Villager (Male) |
| 5:52 | Construir | House |
| 6:15 | Encolar | Villager (Male) |
| 7:06 | Construir | Mill |
| 7:13 | Investigar | Loom |
| 7:55 | Investigar | Feudal Age |
| 8:38 | Construir | Barracks |
| 9:35 | Encolar | Villager (Male) |
| 9:35 | Encolar | Villager (Male) |
| 9:36 | Encolar | Villager (Male) |
| 10:05 | Construir | House |
| 10:08 | Edad | Edad Feudal |
| 10:12 | Construir | Stable |
| 10:15 | Construir | House |
| 10:19 | Construir | House |
| 10:24 | Investigar | Double-Bit Axe |
| 10:25 | Investigar | Double-Bit Axe |
| 10:36 | Encolar | Villager (Male) |
| 10:37 | Encolar | Villager (Male) |
| 11:18 | Construir | House |
| 11:21 | Encolar | Scout Cavalry ×5 |
| 11:21 | Encolar | Scout Cavalry ×5 |
| 11:22 | Encolar | Scout Cavalry |
| 11:39 | Construir | Blacksmith |
| 12:13 | Encolar | Villager (Male) ×4 |
| 12:30 | Investigar | Scale Barding Armor |
| 12:47 | Encolar | Scout Cavalry |
| 12:51 | Investigar | Horse Collar |
| 12:52 | Investigar | Horse Collar |
| 13:00 | Construir | Farm |
| 13:01 | Construir | Farm |
| 13:15 | Construir | Farm |
| 13:26 | Encolar | Scout Cavalry |
| 13:30 | Encolar | Villager (Male) |
| 13:33 | Construir | Farm |
| 13:38 | Construir | Farm |
| 13:54 | Encolar | Spearman |
| 13:57 | Encolar | Villager (Male) |
| 13:58 | Construir | Farm |
| 14:01 | Construir | Farm |
| 14:17 | Encolar | Spearman |
| 14:27 | Encolar | Villager (Male) |
| 14:34 | Encolar | Spearman |
| 14:38 | Construir | Farm |
| 14:40 | Construir | Farm |
| 14:43 | Construir | Farm |
| 14:45 | Encolar | Villager (Male) |
| 14:58 | Encolar | Villager (Male) |
| 15:08 | Construir | House |
| 15:16 | Construir | House |
| 15:22 | Encolar | Scout Cavalry |
| 15:50 | Encolar | Villager (Male) |
| 15:54 | Investigar | Wheelbarrow |
| 16:20 | Construir | Farm |
| 16:20 | Construir | Farm |
| 16:20 | Construir | Farm |
| 16:20 | Construir | Farm |
| 16:20 | Construir | Farm |
| 16:21 | Construir | Farm |
| 16:21 | Construir | Farm |
| 17:08 | Construir | Mining Camp |
| 17:26 | Encolar | Villager (Male) |
| 17:26 | Encolar | Villager (Male) |
| 18:12 | Encolar | Villager (Male) |
| 18:18 | Construir | Mining Camp |
| 18:23 | Construir | Farm |
| 18:24 | Construir | Farm |
| 18:24 | Construir | Farm |
| 18:24 | Construir | Farm |
| 18:25 | Construir | Farm |
| 18:46 | Encolar | Villager (Male) |
| 18:49 | Encolar | Villager (Male) |
| 19:00 | Encolar | Spearman |
| 19:01 | Encolar | Spearman |
| 19:39 | Encolar | Villager (Male) |
| 19:44 | Investigar | Castle Age |
| 19:57 | Investigar | Stone Mining |
| 19:57 | Investigar | Stone Mining |
| 21:23 | Encolar | Villager (Male) |
| 21:24 | Encolar | Villager (Male) |
| 21:24 | Encolar | Villager (Male) |
| 21:40 | Investigar | Gold Mining |
| 21:43 | Investigar | Bloodlines |
| 22:24 | Edad | Edad de los Castillos |
| 22:30 | Investigar | Bow Saw |
| 22:30 | Investigar | Bow Saw |
| 22:32 | Investigar | Heavy Plow |
| 22:32 | Investigar | Heavy Plow |
| 22:47 | Construir | Town Center |
| 23:16 | Construir | Castle |
| 23:25 | Investigar | Chain Barding Armor |
| 23:33 | Encolar | Villager (Male) |
| 23:33 | Encolar | Villager (Male) |
| 23:34 | Encolar | Villager (Male) |
| 23:34 | Encolar | Villager (Male) |
| 24:16 | Encolar | Villager (Male) |
| 24:16 | Encolar | Villager (Male) |
| 24:16 | Encolar | Villager (Male) |
| 24:43 | Investigar | Corvinian Army |
| 24:44 | Investigar | Corvinian Army |
| 25:03 | Construir | Castle |
| 25:10 | Construir | Farm |
| 25:10 | Construir | Farm |
| 25:10 | Construir | Farm |
| 25:11 | Construir | Farm |
| 25:11 | Construir | Farm |
| 25:11 | Construir | Farm |
| 25:13 | Encolar | Villager (Male) ×4 |
| 25:44 | Encolar | Magyar Huszar |
| 25:45 | Encolar | Magyar Huszar |
| 25:49 | Encolar | Villager (Male) |
| 25:51 | Encolar | Villager (Male) |
| 25:52 | Encolar | Villager (Male) |
| 26:05 | Construir | Town Center |
| 26:13 | Construir | Farm |
| 26:16 | Construir | Farm |
| 26:20 | Encolar | Villager (Male) |
| 26:22 | Encolar | Magyar Huszar |
| 26:23 | Encolar | Magyar Huszar |
| 26:24 | Encolar | Magyar Huszar |
| 26:24 | Encolar | Magyar Huszar |
| 26:29 | Construir | Farm |
| 26:37 | Encolar | Villager (Male) |
| 26:37 | Encolar | Magyar Huszar |
Build order — DD2E D10 Bulldozer
Primeras 150 de 347 acciones detectadas
| 0:02 | Encolar | Villager (Male) |
| 0:02 | Encolar | Villager (Male) |
| 0:02 | Encolar | Villager (Male) |
| 0:02 | Encolar | Villager (Male) |
| 0:02 | Encolar | Villager (Male) |
| 0:03 | Encolar | Villager (Male) |
| 0:04 | Construir | House |
| 0:13 | Construir | House |
| 1:36 | Encolar | Villager (Male) |
| 1:37 | Encolar | Villager (Male) |
| 2:05 | Construir | Lumber Camp |
| 2:05 | Encolar | Villager (Male) |
| 2:05 | Encolar | Villager (Male) |
| 2:06 | Encolar | Villager (Male) |
| 2:27 | Encolar | Villager (Male) |
| 2:27 | Encolar | Villager (Male) |
| 2:27 | Encolar | Villager (Male) |
| 3:04 | Encolar | Villager (Male) |
| 3:05 | Encolar | Villager (Male) |
| 3:30 | Encolar | Villager (Male) |
| 3:30 | Encolar | Villager (Male) |
| 3:31 | Encolar | Villager (Male) |
| 3:59 | Encolar | Villager (Male) |
| 3:59 | Encolar | Villager (Male) |
| 4:00 | Encolar | Villager (Male) |
| 4:55 | Construir | Mill |
| 5:08 | Encolar | Villager (Male) |
| 5:08 | Encolar | Villager (Male) |
| 5:12 | Construir | House |
| 5:30 | Investigar | Loom |
| 5:35 | Encolar | Villager (Male) |
| 5:35 | Encolar | Villager (Male) |
| 6:01 | Encolar | Villager (Male) |
| 6:01 | Encolar | Villager (Male) |
| 6:53 | Encolar | Villager (Male) |
| 7:42 | Investigar | Feudal Age |
| 8:21 | Construir | Palisade Wall |
| 9:13 | Construir | Barracks |
| 10:12 | Edad | Edad Feudal |
| 10:21 | Construir | Stable |
| 10:24 | Encolar | Villager (Male) |
| 10:24 | Encolar | Villager (Male) |
| 10:28 | Construir | House |
| 10:35 | Investigar | Wheelbarrow |
| 11:01 | Construir | House |
| 11:09 | Encolar | Scout Cavalry |
| 11:09 | Encolar | Scout Cavalry |
| 11:10 | Encolar | Scout Cavalry |
| 11:44 | Construir | Blacksmith |
| 11:51 | Encolar | Villager (Male) |
| 11:51 | Encolar | Villager (Male) |
| 11:54 | Encolar | Villager (Male) |
| 12:09 | Investigar | Double-Bit Axe |
| 12:10 | Encolar | Villager (Male) |
| 12:11 | Encolar | Villager (Male) |
| 12:27 | Investigar | Scale Barding Armor |
| 12:57 | Construir | House |
| 12:58 | Construir | House |
| 13:00 | Construir | Palisade Wall |
| 13:04 | Encolar | Villager (Male) |
| 13:04 | Encolar | Villager (Male) |
| 13:39 | Investigar | Horse Collar |
| 14:10 | Construir | Farm |
| 14:10 | Construir | Farm |
| 14:11 | Construir | Farm |
| 14:15 | Construir | Farm |
| 14:15 | Construir | Farm |
| 14:16 | Construir | Farm |
| 14:16 | Construir | Farm |
| 14:16 | Construir | Farm |
| 14:29 | Construir | Farm |
| 14:31 | Encolar | Villager (Male) |
| 14:31 | Encolar | Villager (Male) |
| 15:30 | Construir | Farm |
| 15:33 | Construir | Farm |
| 15:34 | Construir | Farm |
| 15:36 | Construir | Farm |
| 15:39 | Construir | Farm |
| 15:42 | Construir | Farm |
| 15:50 | Encolar | Villager (Male) |
| 15:51 | Encolar | Villager (Male) |
| 16:25 | Construir | Farm |
| 16:27 | Encolar | Villager (Male) |
| 16:30 | Encolar | Villager (Male) |
| 16:56 | Construir | Mining Camp |
| 17:06 | Encolar | Villager (Male) |
| 17:53 | Encolar | Villager (Male) |
| 17:53 | Encolar | Villager (Male) |
| 18:10 | Construir | Stable |
| 19:13 | Construir | Farm |
| 19:14 | Construir | Farm |
| 19:14 | Construir | Farm |
| 19:14 | Construir | Farm |
| 19:14 | Construir | Farm |
| 19:15 | Construir | Farm |
| 20:07 | Construir | Market |
| 20:43 | Investigar | Bloodlines |
| 20:54 | Construir | Stable |
| 21:00 | Investigar | Gold Mining |
| 21:23 | Investigar | Castle Age |
| 24:03 | Edad | Edad de los Castillos |
| 24:06 | Construir | Town Center |
| 24:08 | Encolar | Knight |
| 24:08 | Encolar | Knight |
| 24:08 | Encolar | Knight |
| 24:08 | Encolar | Knight |
| 24:10 | Investigar | Husbandry |
| 24:11 | Encolar | Knight |
| 24:11 | Encolar | Knight |
| 24:12 | Encolar | Knight |
| 24:12 | Encolar | Knight |
| 24:12 | Encolar | Knight |
| 24:12 | Encolar | Knight |
| 24:12 | Encolar | Knight |
| 24:13 | Encolar | Knight |
| 24:24 | Investigar | Hand Cart |
| 24:28 | Investigar | Bow Saw |
| 24:43 | Construir | House |
| 24:44 | Construir | House |
| 24:53 | Construir | House |
| 24:54 | Construir | House |
| 24:55 | Construir | House |
| 25:25 | Encolar | Villager (Male) |
| 25:25 | Encolar | Villager (Male) |
| 25:25 | Encolar | Villager (Male) |
| 25:46 | Encolar | Knight |
| 25:46 | Encolar | Knight |
| 25:46 | Encolar | Knight |
| 25:47 | Encolar | Knight |
| 25:50 | Construir | Town Center |
| 25:56 | Encolar | Villager (Male) |
| 25:56 | Encolar | Villager (Male) |
| 25:59 | Encolar | Villager (Male) |
| 26:01 | Encolar | Villager (Male) |
| 26:03 | Encolar | Knight |
| 26:03 | Encolar | Knight |
| 26:03 | Encolar | Knight |
| 26:34 | Construir | House |
| 26:36 | Construir | House |
| 26:57 | Encolar | Knight |
| 26:57 | Encolar | Knight |
| 26:57 | Encolar | Knight |
| 26:57 | Encolar | Knight |
| 26:57 | Encolar | Knight |
| 26:58 | Encolar | Knight |
| 26:58 | Encolar | Knight |
| 27:08 | Construir | Lumber Camp |
| 27:13 | Construir | Farm |
| 27:54 | Investigar | Chain Barding Armor |
| 27:55 | Encolar | Villager (Male) |
Build order — OzoneMX2022
Primeras 150 de 480 acciones detectadas
| 0:01 | Investigar | Loom |
| 0:02 | Construir | House |
| 0:03 | Construir | House |
| 0:06 | Encolar | Villager (Male) |
| 0:06 | Encolar | Villager (Male) |
| 0:06 | Encolar | Villager (Male) |
| 1:14 | Encolar | Villager (Male) |
| 1:14 | Encolar | Villager (Male) |
| 1:51 | Construir | Lumber Camp |
| 1:51 | Encolar | Villager (Male) |
| 1:52 | Encolar | Villager (Male) |
| 2:26 | Encolar | Villager (Male) |
| 2:27 | Encolar | Villager (Male) |
| 2:38 | Encolar | Villager (Male) |
| 3:15 | Encolar | Villager (Male) |
| 3:19 | Construir | House |
| 3:48 | Encolar | Villager (Male) |
| 3:54 | Construir | Palisade Wall |
| 4:17 | Encolar | Villager (Male) |
| 4:17 | Encolar | Villager (Male) |
| 4:26 | Construir | Palisade Wall |
| 5:03 | Construir | Palisade Wall |
| 5:16 | Encolar | Villager (Male) |
| 5:17 | Encolar | Villager (Male) |
| 5:17 | Encolar | Villager (Male) |
| 5:43 | Construir | House |
| 5:52 | Encolar | Villager (Male) |
| 6:32 | Construir | Palisade Wall |
| 6:45 | Encolar | Villager (Male) |
| 6:51 | Encolar | Villager (Male) |
| 6:59 | Construir | Palisade Wall |
| 7:07 | Encolar | Villager (Male) |
| 7:22 | Encolar | Villager (Male) |
| 7:30 | Encolar | Villager (Male) |
| 7:57 | Construir | Palisade Wall |
| 8:20 | Encolar | Villager (Male) |
| 8:27 | Construir | Mill |
| 8:32 | Construir | Mining Camp |
| 8:44 | Construir | Palisade Wall |
| 8:56 | Encolar | Villager (Male) |
| 9:42 | Investigar | Feudal Age |
| 9:42 | Investigar | Feudal Age |
| 10:31 | Construir | Lumber Camp |
| 10:50 | Construir | House |
| 11:30 | Construir | House |
| 11:52 | Edad | Edad Feudal |
| 11:56 | Encolar | Villager (Male) |
| 11:59 | Construir | Blacksmith |
| 12:06 | Construir | Market |
| 12:14 | Encolar | Villager (Male) |
| 12:26 | Construir | Mining Camp |
| 12:35 | Encolar | Villager (Male) |
| 12:43 | Construir | House |
| 12:52 | Construir | Stone Wall |
| 13:24 | Construir | Stone Wall |
| 13:26 | Construir | Stone Wall |
| 13:30 | Construir | Stone Wall |
| 13:31 | Investigar | Stone Mining |
| 13:31 | Investigar | Stone Mining |
| 13:49 | Investigar | Castle Age |
| 14:46 | Investigar | Double-Bit Axe |
| 14:47 | Investigar | Double-Bit Axe |
| 15:36 | Construir | Stone Wall |
| 16:25 | Construir | Palisade Wall |
| 16:27 | Construir | Palisade Wall |
| 16:29 | Edad | Edad de los Castillos |
| 16:30 | Construir | House |
| 16:32 | Construir | Palisade Wall |
| 16:34 | Construir | Palisade Wall |
| 16:56 | Construir | House |
| 16:58 | Construir | Palisade Wall |
| 17:10 | Encolar | Villager (Male) |
| 17:27 | Construir | Palisade Wall |
| 17:32 | Construir | Castle |
| 18:15 | Construir | Town Center |
| 18:15 | Encolar | Villager (Male) |
| 18:20 | Investigar | Bow Saw |
| 18:20 | Investigar | Bow Saw |
| 18:22 | Investigar | Horse Collar |
| 18:22 | Investigar | Horse Collar |
| 18:25 | Encolar | Villager (Male) |
| 18:49 | Construir | Palisade Gate |
| 19:08 | Construir | Palisade Wall |
| 19:09 | Construir | Palisade Wall |
| 19:16 | Construir | Palisade Gate |
| 19:33 | Construir | Palisade Gate |
| 19:42 | Construir | Palisade Gate |
| 19:51 | Construir | Market |
| 20:14 | Construir | Palisade Gate |
| 20:28 | Encolar | Plumed Archer |
| 20:29 | Encolar | Plumed Archer |
| 20:29 | Encolar | Villager (Male) |
| 21:02 | Encolar | Villager (Male) |
| 21:02 | Encolar | Villager (Male) |
| 21:12 | Encolar | Plumed Archer |
| 21:23 | Encolar | Villager (Male) |
| 21:24 | Encolar | Villager (Male) |
| 21:32 | Construir | Town Center |
| 21:40 | Construir | Farm |
| 21:40 | Construir | Farm |
| 21:41 | Construir | Farm |
| 21:49 | Encolar | Villager (Male) |
| 21:53 | Encolar | Plumed Archer |
| 21:59 | Encolar | Villager (Male) |
| 22:02 | Encolar | Villager (Male) |
| 22:09 | Encolar | Plumed Archer |
| 22:33 | Construir | Farm |
| 22:34 | Construir | Farm |
| 22:34 | Construir | Farm |
| 22:34 | Construir | Farm |
| 22:34 | Construir | Farm |
| 22:35 | Construir | Farm |
| 22:35 | Construir | Farm |
| 22:39 | Construir | Farm |
| 22:47 | Encolar | Villager (Male) |
| 22:47 | Encolar | Villager (Male) |
| 22:57 | Construir | Farm |
| 22:59 | Construir | Farm |
| 23:01 | Encolar | Villager (Male) |
| 23:01 | Encolar | Villager (Male) |
| 23:06 | Construir | Farm |
| 23:12 | Encolar | Plumed Archer |
| 23:27 | Construir | Farm |
| 23:35 | Encolar | Villager (Male) |
| 23:37 | Encolar | Villager (Male) |
| 23:41 | Encolar | Villager (Male) |
| 23:44 | Construir | Farm |
| 23:57 | Construir | Gate |
| 24:02 | Encolar | Villager (Male) |
| 24:05 | Construir | Farm |
| 24:08 | Encolar | Plumed Archer |
| 24:16 | Construir | Farm |
| 24:17 | Encolar | Villager (Male) |
| 24:20 | Encolar | Villager (Male) |
| 24:21 | Encolar | Villager (Male) |
| 24:28 | Encolar | Plumed Archer |
| 24:32 | Construir | Farm |
| 24:46 | Encolar | Plumed Archer |
| 24:50 | Encolar | Villager (Male) |
| 24:54 | Encolar | Villager (Male) |
| 24:56 | Construir | Farm |
| 25:01 | Construir | Farm |
| 25:04 | Construir | Farm |
| 25:10 | Construir | Farm |
| 25:11 | Encolar | Villager (Male) |
| 25:11 | Encolar | Villager (Male) |
| 25:16 | Encolar | Plumed Archer |
| 25:20 | Construir | Farm |
| 25:25 | Construir | Outpost |
| 25:28 | Encolar | Villager (Male) |
Build order — AiM | Foreign Dish
Primeras 150 de 533 acciones detectadas
| 0:01 | Encolar | Villager (Male) |
| 0:01 | Encolar | Villager (Male) |
| 0:02 | Encolar | Villager (Male) |
| 0:02 | Encolar | Villager (Male) |
| 0:02 | Encolar | Villager (Male) |
| 0:02 | Encolar | Villager (Male) |
| 0:04 | Construir | House |
| 0:05 | Construir | House |
| 1:16 | Encolar | Villager (Male) |
| 2:01 | Encolar | Villager (Male) |
| 2:09 | Construir | Lumber Camp |
| 2:22 | Encolar | Villager (Male) |
| 2:22 | Encolar | Villager (Male) |
| 3:02 | Encolar | Villager (Male) |
| 3:20 | Encolar | Villager (Male) |
| 3:20 | Encolar | Villager (Male) |
| 3:21 | Encolar | Villager (Male) |
| 3:32 | Encolar | Villager (Male) |
| 3:53 | Encolar | Villager (Male) |
| 4:07 | Construir | House |
| 4:23 | Construir | House |
| 4:47 | Encolar | Villager (Male) |
| 4:53 | Encolar | Villager (Male) |
| 5:09 | Encolar | Villager (Male) |
| 5:11 | Construir | Mill |
| 5:59 | Encolar | Villager (Male) |
| 6:35 | Investigar | Feudal Age |
| 7:23 | Construir | Barracks |
| 7:48 | Construir | House |
| 7:50 | Construir | Palisade Wall |
| 7:51 | Construir | Palisade Wall |
| 8:26 | Investigar | Loom |
| 8:29 | Encolar | Villager (Male) |
| 8:45 | Edad | Edad Feudal |
| 8:49 | Construir | Stable |
| 8:59 | Investigar | Double-Bit Axe |
| 9:11 | Construir | Palisade Wall |
| 9:27 | Encolar | Villager (Male) |
| 9:48 | Construir | House |
| 9:50 | Construir | Palisade Wall |
| 9:50 | Construir | Palisade Wall |
| 9:52 | Encolar | Scout Cavalry |
| 9:52 | Encolar | Scout Cavalry |
| 9:53 | Encolar | Villager (Male) |
| 9:53 | Encolar | Villager (Male) |
| 10:06 | Encolar | Villager (Male) |
| 10:18 | Investigar | Horse Collar |
| 10:18 | Investigar | Horse Collar |
| 10:24 | Encolar | Scout Cavalry |
| 10:28 | Construir | Palisade Wall |
| 10:40 | Construir | House |
| 10:45 | Construir | House |
| 10:47 | Construir | Palisade Wall |
| 10:54 | Encolar | Scout Cavalry |
| 10:55 | Encolar | Scout Cavalry |
| 11:00 | Encolar | Villager (Male) |
| 11:02 | Construir | Farm |
| 11:04 | Construir | Farm |
| 11:17 | Construir | Palisade Wall |
| 11:27 | Construir | Farm |
| 11:29 | Construir | Farm |
| 11:31 | Investigar | Horse Collar |
| 11:32 | Investigar | Horse Collar |
| 11:47 | Construir | Farm |
| 11:49 | Encolar | Villager (Male) |
| 11:49 | Encolar | Villager (Male) |
| 11:49 | Encolar | Villager (Male) |
| 11:49 | Encolar | Villager (Male) |
| 11:50 | Encolar | Villager (Male) |
| 11:54 | Construir | Farm |
| 11:57 | Construir | Farm |
| 12:08 | Encolar | Villager (Male) |
| 12:10 | Encolar | Scout Cavalry |
| 12:10 | Encolar | Scout Cavalry |
| 12:31 | Construir | House |
| 12:32 | Construir | House |
| 12:34 | Encolar | Scout Cavalry |
| 12:34 | Encolar | Scout Cavalry |
| 12:35 | Encolar | Scout Cavalry |
| 12:38 | Encolar | Villager (Male) |
| 12:39 | Encolar | Villager (Male) |
| 12:39 | Encolar | Villager (Male) |
| 12:39 | Encolar | Villager (Male) |
| 12:39 | Encolar | Villager (Male) |
| 12:39 | Encolar | Villager (Male) |
| 12:43 | Encolar | Scout Cavalry |
| 12:43 | Encolar | Scout Cavalry |
| 12:50 | Construir | House |
| 12:51 | Construir | House |
| 13:00 | Encolar | Villager (Male) |
| 13:03 | Construir | House |
| 13:29 | Encolar | Scout Cavalry |
| 13:29 | Encolar | Scout Cavalry |
| 13:35 | Encolar | Villager (Male) |
| 13:47 | Encolar | Spearman |
| 13:48 | Encolar | Spearman |
| 14:02 | Encolar | Scout Cavalry |
| 14:03 | Encolar | Villager (Male) |
| 14:04 | Encolar | Villager (Male) |
| 14:08 | Construir | Farm |
| 14:08 | Construir | Farm |
| 14:09 | Construir | Farm |
| 14:09 | Construir | Farm |
| 14:11 | Construir | Farm |
| 14:20 | Construir | House |
| 14:21 | Construir | House |
| 14:41 | Encolar | Villager (Male) |
| 14:41 | Encolar | Villager (Male) |
| 14:46 | Encolar | Spearman |
| 14:46 | Encolar | Spearman |
| 14:59 | Encolar | Scout Cavalry |
| 15:08 | Construir | Farm |
| 15:09 | Construir | Farm |
| 15:12 | Encolar | Villager (Male) |
| 15:29 | Encolar | Spearman |
| 15:32 | Construir | House |
| 15:34 | Construir | House |
| 15:35 | Construir | Palisade Wall |
| 15:43 | Encolar | Villager (Male) |
| 15:47 | Encolar | Villager (Male) |
| 15:55 | Encolar | Villager (Male) |
| 15:59 | Encolar | Villager (Male) |
| 16:19 | Encolar | Scout Cavalry |
| 16:19 | Encolar | Scout Cavalry |
| 16:20 | Encolar | Scout Cavalry |
| 16:27 | Construir | Farm |
| 16:28 | Construir | Farm |
| 16:41 | Construir | House |
| 16:41 | Construir | House |
| 16:49 | Encolar | Villager (Male) |
| 16:50 | Encolar | Villager (Male) |
| 17:00 | Encolar | Spearman |
| 17:03 | Construir | Farm |
| 17:07 | Encolar | Villager (Male) |
| 17:24 | Construir | Farm |
| 17:24 | Construir | Farm |
| 17:25 | Encolar | Villager (Male) |
| 17:32 | Encolar | Scout Cavalry |
| 17:33 | Encolar | Scout Cavalry |
| 17:51 | Encolar | Villager (Male) |
| 18:15 | Encolar | Spearman |
| 18:16 | Encolar | Villager (Male) |
| 18:16 | Encolar | Villager (Male) |
| 18:17 | Encolar | Villager (Male) |
| 18:21 | Construir | Mining Camp |
| 18:33 | Construir | Farm |
| 18:46 | Encolar | Scout Cavalry |
| 18:50 | Construir | House |
| 18:50 | Construir | House |
| 18:52 | Construir | House |
Build order — Landau
Primeras 150 de 724 acciones detectadas
| 0:01 | Encolar | Villager (Male) |
| 0:02 | Encolar | Villager (Male) |
| 0:03 | Construir | House |
| 0:04 | Construir | House |
| 0:18 | Encolar | Villager (Male) |
| 0:31 | Encolar | Villager (Male) |
| 0:32 | Encolar | Villager (Male) |
| 1:36 | Encolar | Villager (Male) |
| 1:36 | Encolar | Villager (Male) |
| 1:37 | Encolar | Villager (Male) |
| 1:44 | Construir | Lumber Camp |
| 2:08 | Encolar | Villager (Male) |
| 2:08 | Encolar | Villager (Male) |
| 2:08 | Encolar | Villager (Male) |
| 2:09 | Encolar | Villager (Male) |
| 2:40 | Encolar | Villager (Male) |
| 2:40 | Encolar | Villager (Male) |
| 2:40 | Encolar | Villager (Male) |
| 3:07 | Construir | House |
| 3:30 | Encolar | Villager (Male) |
| 3:30 | Encolar | Villager (Male) |
| 3:37 | Encolar | Villager (Male) |
| 3:37 | Encolar | Villager (Male) |
| 3:37 | Encolar | Villager (Male) |
| 5:01 | Encolar | Villager (Male) |
| 5:01 | Encolar | Villager (Male) |
| 5:09 | Encolar | Villager (Male) |
| 5:10 | Encolar | Villager (Male) |
| 5:15 | Encolar | Villager (Male) |
| 5:15 | Encolar | Villager (Male) |
| 5:15 | Encolar | Villager (Male) |
| 5:29 | Encolar | Villager (Male) |
| 6:03 | Construir | Mill |
| 6:18 | Investigar | Loom |
| 6:41 | Investigar | Feudal Age |
| 6:42 | Investigar | Feudal Age |
| 7:30 | Construir | Barracks |
| 7:49 | Construir | Palisade Wall |
| 7:52 | Construir | Palisade Wall |
| 8:07 | Construir | House |
| 8:17 | Construir | House |
| 8:20 | Construir | Palisade Wall |
| 8:21 | Encolar | Villager (Male) |
| 8:47 | Construir | Palisade Wall |
| 8:48 | Construir | Palisade Wall |
| 8:53 | Edad | Edad Feudal |
| 8:57 | Construir | Stable |
| 9:00 | Construir | Palisade Wall |
| 9:05 | Construir | Palisade Wall |
| 9:12 | Investigar | Double-Bit Axe |
| 9:13 | Investigar | Double-Bit Axe |
| 9:13 | Investigar | Double-Bit Axe |
| 9:15 | Encolar | Villager (Male) |
| 9:35 | Encolar | Villager (Male) |
| 9:50 | Construir | House |
| 9:52 | Encolar | Scout Cavalry |
| 9:52 | Encolar | Scout Cavalry |
| 9:56 | Investigar | Horse Collar |
| 9:56 | Investigar | Horse Collar |
| 9:56 | Investigar | Horse Collar |
| 9:59 | Encolar | Villager (Male) |
| 10:10 | Construir | House |
| 10:16 | Construir | Palisade Wall |
| 10:23 | Encolar | Scout Cavalry |
| 10:24 | Encolar | Villager (Male) |
| 10:36 | Construir | Farm |
| 10:41 | Construir | House |
| 10:46 | Construir | Palisade Wall |
| 10:49 | Encolar | Villager (Male) |
| 10:55 | Construir | Farm |
| 10:59 | Construir | Farm |
| 11:00 | Encolar | Scout Cavalry |
| 11:19 | Encolar | Villager (Male) |
| 11:22 | Construir | Farm |
| 11:28 | Construir | Farm |
| 11:42 | Encolar | Villager (Male) |
| 11:49 | Construir | Farm |
| 11:50 | Encolar | Villager (Male) |
| 11:52 | Construir | Farm |
| 12:00 | Encolar | Villager (Male) |
| 12:11 | Construir | Farm |
| 12:19 | Construir | Palisade Wall |
| 12:45 | Encolar | Scout Cavalry |
| 13:00 | Encolar | Villager (Male) |
| 13:17 | Construir | Mining Camp |
| 13:20 | Construir | Farm |
| 13:22 | Construir | Farm |
| 13:29 | Encolar | Villager (Male) |
| 13:41 | Encolar | Scout Cavalry |
| 13:50 | Encolar | Scout Cavalry |
| 14:05 | Construir | House |
| 14:16 | Encolar | Villager (Male) |
| 14:23 | Construir | Farm |
| 14:25 | Construir | Farm |
| 14:30 | Encolar | Scout Cavalry |
| 14:31 | Encolar | Villager (Male) |
| 14:35 | Construir | Palisade Wall |
| 14:40 | Construir | Palisade Wall |
| 14:44 | Construir | Palisade Wall |
| 14:48 | Construir | Palisade Wall |
| 14:49 | Construir | Palisade Wall |
| 15:07 | Encolar | Scout Cavalry |
| 15:08 | Encolar | Villager (Male) |
| 15:21 | Encolar | Scout Cavalry |
| 15:27 | Construir | Blacksmith |
| 15:30 | Encolar | Scout Cavalry |
| 15:31 | Encolar | Villager (Male) |
| 15:42 | Construir | Stable |
| 15:56 | Construir | Farm |
| 16:01 | Encolar | Villager (Male) |
| 16:02 | Investigar | Wheelbarrow |
| 16:02 | Investigar | Wheelbarrow |
| 16:10 | Investigar | Bloodlines |
| 16:10 | Investigar | Bloodlines |
| 16:15 | Investigar | Forging |
| 16:15 | Investigar | Forging |
| 16:15 | Investigar | Forging |
| 16:28 | Construir | Palisade Wall |
| 16:37 | Construir | Palisade Gate |
| 16:43 | Construir | Palisade Wall |
| 16:45 | Construir | Palisade Wall |
| 16:56 | Encolar | Villager (Male) |
| 17:22 | Construir | Farm |
| 17:46 | Construir | Market |
| 18:03 | Encolar | Villager (Male) |
| 18:24 | Construir | House |
| 18:25 | Construir | House |
| 18:33 | Encolar | Villager (Male) |
| 18:59 | Investigar | Castle Age |
| 18:59 | Investigar | Castle Age |
| 19:40 | Investigar | Scale Barding Armor |
| 19:50 | Construir | Farm |
| 21:39 | Edad | Edad de los Castillos |
| 21:43 | Investigar | Husbandry |
| 21:44 | Investigar | Husbandry |
| 21:47 | Investigar | Chain Barding Armor |
| 21:47 | Investigar | Chain Barding Armor |
| 21:49 | Encolar | Camel Scout |
| 21:49 | Encolar | Camel Scout |
| 21:50 | Encolar | Villager (Male) |
| 21:50 | Encolar | Villager (Male) |
| 21:54 | Construir | Town Center |
| 22:02 | Construir | House |
| 22:03 | Construir | House |
| 22:04 | Construir | House |
| 22:05 | Construir | House |
| 22:08 | Encolar | Villager (Male) |
| 22:09 | Encolar | Villager (Male) |
| 22:10 | Construir | Lumber Camp |
| 22:28 | Encolar | Camel Scout |
Build order — ReBeL_persi
Primeras 150 de 449 acciones detectadas
| 0:02 | Encolar | Villager (Male) |
| 0:04 | Construir | House |
| 0:06 | Construir | House |
| 0:16 | Encolar | Villager (Male) |
| 0:27 | Encolar | Villager (Male) |
| 0:28 | Encolar | Villager (Male) |
| 1:28 | Encolar | Villager (Male) |
| 1:57 | Construir | Lumber Camp |
| 2:03 | Encolar | Villager (Male) |
| 2:25 | Encolar | Villager (Male) |
| 2:54 | Encolar | Villager (Male) |
| 3:20 | Encolar | Villager (Male) |
| 3:40 | Encolar | Villager (Male) |
| 3:50 | Construir | House |
| 4:04 | Encolar | Villager (Male) |
| 4:28 | Encolar | Villager (Male) |
| 4:58 | Encolar | Villager (Male) |
| 5:06 | Construir | Mill |
| 5:20 | Encolar | Villager (Male) |
| 5:47 | Encolar | Villager (Male) |
| 6:00 | Construir | House |
| 6:11 | Encolar | Villager (Male) |
| 6:42 | Construir | Palisade Wall |
| 6:45 | Encolar | Villager (Male) |
| 7:11 | Encolar | Villager (Male) |
| 7:20 | Construir | Palisade Wall |
| 7:31 | Encolar | Villager (Male) |
| 7:48 | Construir | House |
| 8:01 | Encolar | Villager (Male) |
| 8:23 | Investigar | Loom |
| 8:23 | Investigar | Feudal Age |
| 9:42 | Construir | Farm |
| 9:50 | Construir | Farm |
| 10:32 | Construir | Farm |
| 10:41 | Encolar | Villager (Male) |
| 10:59 | Encolar | Villager (Male) |
| 11:01 | Edad | Edad Feudal |
| 11:04 | Encolar | Villager (Male) |
| 11:17 | Construir | Stable |
| 11:21 | Investigar | Double-Bit Axe |
| 11:33 | Construir | Mining Camp |
| 11:35 | Encolar | Villager (Male) |
| 11:53 | Encolar | Villager (Male) |
| 12:17 | Encolar | Villager (Male) |
| 12:21 | Construir | House |
| 12:27 | Construir | Farm |
| 12:29 | Encolar | Villager (Male) |
| 13:06 | Construir | Stone Wall |
| 13:10 | Construir | Stone Wall |
| 13:16 | Encolar | Scout Cavalry |
| 13:16 | Encolar | Scout Cavalry |
| 13:17 | Encolar | Scout Cavalry |
| 13:23 | Construir | Blacksmith |
| 13:31 | Construir | Mining Camp |
| 13:45 | Encolar | Scout Cavalry |
| 13:55 | Encolar | Villager (Male) |
| 14:09 | Investigar | Forging |
| 14:17 | Construir | House |
| 14:31 | Construir | Mining Camp |
| 14:47 | Encolar | Villager (Male) |
| 15:00 | Encolar | Villager (Male) |
| 15:14 | Construir | Palisade Wall |
| 15:26 | Investigar | Scale Barding Armor |
| 15:27 | Encolar | Villager (Male) |
| 15:30 | Construir | Farm |
| 15:34 | Construir | Farm |
| 15:39 | Encolar | Scout Cavalry |
| 15:39 | Encolar | Scout Cavalry |
| 15:39 | Encolar | Scout Cavalry |
| 15:49 | Construir | Palisade Wall |
| 15:57 | Construir | House |
| 16:07 | Encolar | Villager (Male) |
| 16:39 | Construir | Farm |
| 16:43 | Investigar | Horse Collar |
| 16:44 | Encolar | Villager (Male) |
| 17:05 | Encolar | Villager (Male) |
| 17:15 | Construir | Lumber Camp |
| 17:20 | Encolar | Scout Cavalry |
| 17:20 | Encolar | Scout Cavalry |
| 17:21 | Encolar | Scout Cavalry |
| 17:28 | Construir | Farm |
| 17:29 | Encolar | Villager (Male) |
| 17:44 | Construir | Farm |
| 17:51 | Encolar | Villager (Male) |
| 17:57 | Construir | House |
| 18:08 | Construir | Farm |
| 18:10 | Encolar | Villager (Male) |
| 18:39 | Construir | Stone Wall |
| 18:43 | Construir | Farm |
| 18:44 | Encolar | Villager (Male) |
| 19:05 | Construir | Farm |
| 19:08 | Encolar | Villager (Male) |
| 19:13 | Encolar | Scout Cavalry |
| 19:18 | Construir | Farm |
| 19:26 | Construir | Farm |
| 19:27 | Construir | Farm |
| 19:38 | Encolar | Scout Cavalry |
| 19:40 | Encolar | Villager (Male) |
| 19:45 | Construir | Farm |
| 19:48 | Construir | Farm |
| 19:59 | Investigar | Wheelbarrow |
| 20:17 | Construir | Farm |
| 21:06 | Construir | Stone Wall |
| 22:03 | Construir | Stone Wall |
| 22:41 | Construir | Gate |
| 22:46 | Encolar | Villager (Male) |
| 22:49 | Investigar | Castle Age |
| 23:19 | Construir | Gate |
| 23:21 | Encolar | Villager (Male) |
| 23:27 | Construir | Farm |
| 23:39 | Construir | Stone Wall |
| 24:24 | Construir | Stone Wall |
| 24:29 | Construir | Stone Wall |
| 25:10 | Construir | Stable |
| 25:12 | Construir | Stable |
| 25:51 | Edad | Edad de los Castillos |
| 25:53 | Investigar | Bloodlines |
| 25:54 | Encolar | Knight |
| 25:54 | Encolar | Knight |
| 25:55 | Encolar | Knight |
| 25:55 | Investigar | Husbandry |
| 26:14 | Encolar | Knight |
| 26:15 | Encolar | Knight |
| 26:15 | Encolar | Knight |
| 26:16 | Investigar | Chain Barding Armor |
| 26:17 | Investigar | Iron Casting |
| 26:18 | Encolar | Villager (Male) |
| 26:18 | Encolar | Villager (Male) |
| 26:21 | Construir | House |
| 26:25 | Investigar | Bow Saw |
| 26:34 | Encolar | Villager (Male) |
| 26:38 | Investigar | Gold Mining |
| 26:44 | Construir | Mining Camp |
| 26:55 | Encolar | Knight |
| 26:55 | Encolar | Knight |
| 26:55 | Encolar | Villager (Male) |
| 26:55 | Encolar | Villager (Male) |
| 26:59 | Construir | Farm |
| 27:13 | Construir | Stone Wall |
| 27:17 | Construir | Farm |
| 27:20 | Construir | Farm |
| 27:26 | Construir | House |
| 27:39 | Encolar | Knight |
| 27:39 | Encolar | Knight |
| 27:39 | Encolar | Knight |
| 27:40 | Encolar | Knight |
| 27:40 | Encolar | Knight |
| 27:46 | Construir | Farm |
| 28:09 | Encolar | Villager (Male) |
| 28:09 | Encolar | Villager (Male) |
Build order — Marley AoC
Primeras 150 de 495 acciones detectadas
| 0:03 | Encolar | Villager (Male) |
| 0:04 | Encolar | Villager (Male) |
| 0:04 | Encolar | Villager (Male) |
| 0:04 | Encolar | Villager (Male) |
| 0:05 | Encolar | Villager (Male) |
| 1:38 | Encolar | Villager (Male) |
| 1:39 | Encolar | Villager (Male) |
| 1:39 | Encolar | Villager (Male) |
| 2:11 | Encolar | Villager (Male) |
| 2:12 | Encolar | Villager (Male) |
| 2:18 | Construir | Lumber Camp |
| 2:23 | Encolar | Villager (Male) |
| 2:23 | Encolar | Villager (Male) |
| 2:42 | Encolar | Villager (Male) |
| 2:43 | Encolar | Villager (Male) |
| 3:16 | Encolar | Villager (Male) |
| 3:16 | Encolar | Villager (Male) |
| 3:46 | Encolar | Villager (Male) |
| 4:01 | Encolar | Villager (Male) |
| 4:46 | Encolar | Villager (Male) |
| 4:57 | Encolar | Villager (Male) |
| 5:07 | Encolar | Villager (Male) |
| 5:18 | Encolar | Villager (Male) |
| 5:21 | Encolar | Villager (Male) |
| 5:21 | Encolar | Villager (Male) |
| 5:41 | Encolar | Villager (Male) |
| 5:42 | Encolar | Villager (Male) |
| 6:24 | Construir | Mill |
| 6:50 | Investigar | Loom |
| 7:06 | Encolar | Villager (Male) |
| 7:20 | Investigar | Feudal Age |
| 8:08 | Construir | Barracks |
| 8:20 | Construir | Palisade Wall |
| 9:15 | Encolar | Villager (Male) |
| 9:44 | Edad | Edad Feudal |
| 9:47 | Encolar | Villager (Male) |
| 9:59 | Construir | Stable |
| 10:07 | Construir | Stone Wall |
| 10:15 | Construir | Stone Wall |
| 10:18 | Encolar | Villager (Male) |
| 10:28 | Construir | Gate |
| 10:49 | Construir | Stone Wall |
| 10:53 | Construir | Farm |
| 10:53 | Construir | Farm |
| 10:53 | Construir | Farm |
| 10:54 | Encolar | Villager (Male) |
| 10:54 | Encolar | Villager (Male) |
| 11:01 | Construir | Stone Wall |
| 11:10 | Encolar | Scout Cavalry |
| 11:10 | Encolar | Scout Cavalry |
| 11:10 | Encolar | Scout Cavalry |
| 11:19 | Construir | Farm |
| 11:49 | Encolar | Villager (Male) |
| 11:49 | Encolar | Villager (Male) |
| 12:08 | Construir | Stone Wall |
| 12:38 | Encolar | Villager (Male) |
| 12:43 | Encolar | Villager (Male) |
| 12:50 | Construir | Farm |
| 12:52 | Encolar | Scout Cavalry |
| 12:52 | Encolar | Scout Cavalry |
| 13:02 | Investigar | Double-Bit Axe |
| 13:04 | Encolar | Villager (Male) |
| 13:08 | Construir | Farm |
| 13:27 | Construir | Farm |
| 13:32 | Construir | Farm |
| 13:40 | Encolar | Villager (Male) |
| 14:03 | Construir | Farm |
| 14:03 | Construir | Farm |
| 14:04 | Encolar | Villager (Male) |
| 14:04 | Encolar | Villager (Male) |
| 14:23 | Encolar | Villager (Male) |
| 14:25 | Construir | Farm |
| 14:29 | Encolar | Villager (Male) |
| 14:32 | Construir | Farm |
| 14:37 | Construir | Mining Camp |
| 14:41 | Construir | Farm |
| 14:46 | Construir | Farm |
| 14:50 | Encolar | Villager (Male) |
| 15:10 | Construir | Farm |
| 15:10 | Construir | Farm |
| 15:11 | Construir | Farm |
| 15:11 | Construir | Farm |
| 15:11 | Construir | Farm |
| 15:33 | Encolar | Villager (Male) |
| 15:37 | Construir | Farm |
| 15:40 | Encolar | Villager (Male) |
| 15:57 | Construir | Mining Camp |
| 16:09 | Encolar | Scout Cavalry |
| 16:09 | Encolar | Scout Cavalry |
| 16:33 | Encolar | Villager (Male) |
| 17:30 | Construir | Farm |
| 17:30 | Construir | Farm |
| 17:31 | Construir | Farm |
| 17:31 | Construir | Farm |
| 17:31 | Construir | Farm |
| 17:32 | Encolar | Villager (Male) |
| 17:32 | Encolar | Villager (Male) |
| 17:52 | Construir | Farm |
| 18:17 | Encolar | Villager (Male) |
| 18:39 | Construir | Blacksmith |
| 19:32 | Investigar | Castle Age |
| 19:46 | Construir | Farm |
| 19:48 | Encolar | Villager (Male) |
| 19:56 | Construir | Stone Wall |
| 20:05 | Construir | Lumber Camp |
| 20:34 | Construir | Farm |
| 20:37 | Investigar | Bloodlines |
| 20:39 | Investigar | Scale Barding Armor |
| 20:42 | Construir | Stable |
| 21:45 | Construir | Farm |
| 21:46 | Construir | Farm |
| 21:53 | Construir | Farm |
| 22:12 | Edad | Edad de los Castillos |
| 22:16 | Encolar | Knight |
| 22:16 | Encolar | Knight |
| 22:16 | Encolar | Knight |
| 22:24 | Construir | Market |
| 22:27 | Construir | Farm |
| 22:51 | Investigar | Husbandry |
| 23:11 | Encolar | Knight |
| 23:11 | Encolar | Knight |
| 23:12 | Encolar | Knight |
| 23:12 | Encolar | Knight |
| 23:12 | Encolar | Knight |
| 23:13 | Encolar | Knight |
| 23:16 | Encolar | Villager (Male) |
| 23:30 | Construir | Town Center |
| 23:39 | Investigar | Wheelbarrow |
| 23:44 | Encolar | Villager (Male) |
| 24:00 | Encolar | Knight ×3 |
| 24:00 | Encolar | Knight ×3 |
| 24:28 | Construir | Farm |
| 24:28 | Construir | Farm |
| 24:29 | Construir | Farm |
| 25:19 | Construir | Farm |
| 25:20 | Construir | Farm |
| 25:20 | Construir | Farm |
| 25:20 | Encolar | Villager (Male) |
| 25:21 | Encolar | Villager (Male) |
| 25:35 | Construir | Town Center |
| 25:56 | Construir | Farm |
| 25:56 | Construir | Farm |
| 25:56 | Construir | Farm |
| 25:57 | Construir | Farm |
| 25:57 | Construir | Farm |
| 25:57 | Construir | Farm |
| 25:57 | Construir | Farm |
| 25:58 | Construir | Farm |
| 25:58 | Construir | Farm |
| 26:17 | Investigar | Chain Barding Armor |
Cronología de la partida
| 3:54 | OzoneMX2022 · wall_segment Palisade Wall x4 |
| 4:26 | OzoneMX2022 · wall_segment Palisade Wall x4 |
| 4:34 | Eldiano · wall_segment Palisade Wall x4 |
| 5:03 | OzoneMX2022 · wall_segment Palisade Wall x6 |
| 5:07 | Eldiano · wall_segment Palisade Wall x7 |
| 6:32 | OzoneMX2022 · wall_segment Palisade Wall x7 |
| 6:42 | ReBeL_persi · wall_segment Palisade Wall x9 |
| 6:59 | OzoneMX2022 · wall_segment Palisade Wall x4 |
| 7:20 | ReBeL_persi · wall_segment Palisade Wall x7 |
| 7:21 | Eldiano · wall_segment Palisade Wall x3 |
| 7:23 | AiM | Foreign Dish · first_building Barracks |
| 7:30 | Landau · first_building Barracks |
| 7:49 | Landau · wall_segment Palisade Wall x2 |
| 7:50 | AiM | Foreign Dish · wall_segment Palisade Wall x3 |
| 7:51 | AiM | Foreign Dish · wall_segment Palisade Wall x1 |
| 7:52 | Landau · wall_segment Palisade Wall x2 |
| 7:57 | OzoneMX2022 · wall_segment Palisade Wall x23 |
| 8:08 | Marley AoC · first_building Barracks |
| 8:20 | Landau · wall_segment Palisade Wall x11 |
| 8:20 | Marley AoC · wall_segment Palisade Wall x17 |
| 8:21 | DD2E D10 Bulldozer · wall_segment Palisade Wall x14 |
| 8:38 | 虞小梅 · first_building Barracks |
| 8:42 | Eldiano · first_building Barracks |
| 8:44 | OzoneMX2022 · wall_segment Palisade Wall x7 |
| 8:45 | AiM | Foreign Dish · age_up feudal |
| 8:47 | Landau · wall_segment Palisade Wall x1 |
| 8:48 | Landau · wall_segment Palisade Wall x1 |
| 8:49 | AiM | Foreign Dish · first_building Stable |
| 8:53 | Landau · age_up feudal |
| 8:57 | Landau · first_building Stable |
| 9:00 | Landau · wall_segment Palisade Wall x1 |
| 9:05 | Landau · wall_segment Palisade Wall x1 |
| 9:11 | AiM | Foreign Dish · wall_segment Palisade Wall x5 |
| 9:13 | DD2E D10 Bulldozer · first_building Barracks |
| 9:44 | Marley AoC · age_up feudal |
| 9:50 | AiM | Foreign Dish · wall_segment Palisade Wall x5 |
| 9:50 | AiM | Foreign Dish · wall_segment Palisade Wall x1 |
| 9:59 | Marley AoC · first_building Stable |
| 10:07 | Marley AoC · wall_segment Stone Wall x13 |
| 10:08 | 虞小梅 · age_up feudal |
| 10:12 | 虞小梅 · first_building Stable |
| 10:12 | DD2E D10 Bulldozer · age_up feudal |
| 10:15 | Eldiano · age_up feudal |
| 10:15 | Marley AoC · wall_segment Stone Wall x13 |
| 10:16 | Landau · wall_segment Palisade Wall x7 |
| 10:17 | Eldiano · first_building Stable |
| 10:21 | DD2E D10 Bulldozer · first_building Stable |
| 10:28 | AiM | Foreign Dish · wall_segment Palisade Wall x3 |
| 10:46 | Landau · wall_segment Palisade Wall x1 |
| 10:47 | AiM | Foreign Dish · wall_segment Palisade Wall x3 |
| 10:49 | Marley AoC · wall_segment Stone Wall x2 |
| 11:01 | Marley AoC · wall_segment Stone Wall x5 |
| 11:01 | ReBeL_persi · age_up feudal |
| 11:17 | AiM | Foreign Dish · wall_segment Palisade Wall x9 |
| 11:17 | ReBeL_persi · first_building Stable |
| 11:52 | OzoneMX2022 · age_up feudal |
| 12:08 | Marley AoC · wall_segment Stone Wall x1 |
| 12:19 | Landau · wall_segment Palisade Wall x2 |
| 12:52 | OzoneMX2022 · wall_segment Stone Wall x12 |
| 13:00 | DD2E D10 Bulldozer · wall_segment Palisade Wall x1 |
| 13:06 | ReBeL_persi · wall_segment Stone Wall x15 |
| 13:10 | ReBeL_persi · wall_segment Stone Wall x2 |
| 13:24 | OzoneMX2022 · wall_segment Stone Wall x1 |
| 13:26 | OzoneMX2022 · wall_segment Stone Wall x3 |
| 13:30 | OzoneMX2022 · wall_segment Stone Wall x3 |
| 14:35 | Landau · wall_segment Palisade Wall x1 |
| 14:40 | Landau · wall_segment Palisade Wall x1 |
| 14:44 | Landau · wall_segment Palisade Wall x1 |
| 14:48 | Landau · wall_segment Palisade Wall x1 |
| 14:49 | Landau · wall_segment Palisade Wall x1 |
| 15:14 | ReBeL_persi · wall_segment Palisade Wall x1 |
| 15:35 | AiM | Foreign Dish · wall_segment Palisade Wall x1 |
| 15:36 | OzoneMX2022 · wall_segment Stone Wall x4 |
| 15:49 | ReBeL_persi · wall_segment Palisade Wall x1 |
| 16:25 | OzoneMX2022 · wall_segment Palisade Wall x1 |
| 16:27 | OzoneMX2022 · wall_segment Palisade Wall x1 |
| 16:28 | Landau · wall_segment Palisade Wall x3 |
| 16:29 | OzoneMX2022 · age_up castle |
| 16:32 | OzoneMX2022 · wall_segment Palisade Wall x1 |
| 16:34 | OzoneMX2022 · wall_segment Palisade Wall x1 |
| 16:43 | Landau · wall_segment Palisade Wall x1 |
| 16:45 | Landau · wall_segment Palisade Wall x1 |
| 16:58 | OzoneMX2022 · wall_segment Palisade Wall x1 |
| 17:27 | OzoneMX2022 · wall_segment Palisade Wall x1 |
| 17:32 | OzoneMX2022 · first_building Castle |
| 18:39 | ReBeL_persi · wall_segment Stone Wall x17 |
| 19:08 | OzoneMX2022 · wall_segment Palisade Wall x1 |
| 19:09 | OzoneMX2022 · wall_segment Palisade Wall x1 |
| 19:26 | AiM | Foreign Dish · wall_segment Palisade Wall x1 |
| 19:35 | AiM | Foreign Dish · wall_segment Palisade Wall x1 |
| 19:56 | Marley AoC · wall_segment Stone Wall x16 |
| 20:24 | Eldiano · age_up castle |
| 20:54 | Eldiano · first_building Monastery |
| 21:06 | ReBeL_persi · wall_segment Stone Wall x9 |
| 21:39 | Landau · age_up castle |
| 22:03 | ReBeL_persi · wall_segment Stone Wall x7 |
| 22:12 | Marley AoC · age_up castle |
| 22:24 | 虞小梅 · age_up castle |
| 22:43 | DD2E D10 Bulldozer · first_market_sell 100 food |
| 22:47 | Landau · first_market_buy 100 food |
| 22:50 | AiM | Foreign Dish · first_market_sell 500 wood |
| 22:50 | AiM | Foreign Dish · first_market_buy 100 food |
| 23:08 | Marley AoC · first_market_sell 100 food |
| 23:16 | 虞小梅 · first_building Castle |
| 23:39 | ReBeL_persi · wall_segment Stone Wall x1 |
| 24:03 | DD2E D10 Bulldozer · age_up castle |
| 24:24 | ReBeL_persi · wall_segment Stone Wall x2 |
| 24:29 | ReBeL_persi · wall_segment Stone Wall x8 |
| 25:08 | AiM | Foreign Dish · first_building Archery Range |
| 25:25 | Landau · wall_segment Stone Wall x11 |
| 25:31 | Marley AoC · first_market_buy 100 wood |
| 25:39 | DD2E D10 Bulldozer · first_market_buy 100 wood |
| 25:41 | Landau · wall_segment Stone Wall x27 |
| 25:45 | AiM | Foreign Dish · age_up castle |
| 25:49 | OzoneMX2022 · first_market_buy 100 food |
| 25:51 | ReBeL_persi · age_up castle |
| 26:52 | Landau · first_market_sell 100 wood |
| 26:59 | Landau · wall_segment Stone Wall x5 |
| 27:13 | ReBeL_persi · wall_segment Stone Wall x8 |
| 27:29 | OzoneMX2022 · first_market_sell 100 food |
| 27:39 | Landau · wall_segment Stone Wall x12 |
| 28:40 | OzoneMX2022 · wall_segment Stone Wall x1 |
| 28:43 | ReBeL_persi · wall_segment Stone Wall x1 |
| 29:11 | Landau · wall_segment Stone Wall x1 |
| 29:25 | ReBeL_persi · wall_segment Stone Wall x9 |
| 29:27 | Landau · wall_segment Stone Wall x1 |
| 29:54 | Landau · wall_segment Stone Wall x1 |
| 30:01 | Landau · wall_segment Stone Wall x1 |
| 30:34 | Landau · wall_segment Stone Wall x4 |
| 30:52 | Landau · wall_segment Stone Wall x6 |
| 34:12 | Eldiano · first_market_sell 100 wood |
| 35:01 | ReBeL_persi · first_building Castle |
| 35:19 | Landau · first_building Siege Workshop |
| 35:41 | 虞小梅 · first_building Archery Range |
| 36:47 | Marley AoC · first_building Monastery |
| 37:05 | DD2E D10 Bulldozer · first_building Castle |
| 37:06 | OzoneMX2022 · age_up imperial |
| 37:09 | Landau · first_building Monastery |
| 37:45 | Landau · wall_segment Stone Wall x1 |
| 38:33 | Landau · first_building Castle |
| 38:50 | Marley AoC · first_building Castle |
| 38:50 | 虞小梅 · age_up imperial |
| 39:04 | Eldiano · first_building Castle |
| 39:08 | Eldiano · age_up imperial |
| 40:35 | ReBeL_persi · first_market_sell 100 wood |
| 40:42 | 虞小梅 · first_market_sell 500 wood |
| 41:03 | AiM | Foreign Dish · first_building Monastery |
| 41:06 | Marley AoC · age_up imperial |
| 41:47 | OzoneMX2022 · wall_segment Stone Wall x1 |
| 42:14 | OzoneMX2022 · first_building Barracks |
| 42:19 | DD2E D10 Bulldozer · age_up imperial |
| 42:25 | ReBeL_persi · age_up imperial |
| 42:41 | Landau · age_up imperial |
| 43:03 | Marley AoC · wall_segment Stone Wall x6 |
| 43:44 | OzoneMX2022 · first_building Archery Range |
| 43:54 | 虞小梅 · first_market_buy 100 stone |
| 45:14 | OzoneMX2022 · wall_segment Stone Wall x1 |
| 45:54 | AiM | Foreign Dish · age_up imperial |
| 45:54 | AiM | Foreign Dish · first_building Castle |
| 46:01 | OzoneMX2022 · wall_segment Stone Wall x1 |
| 47:00 | Landau · wall_segment Stone Wall x4 |
| 47:18 | Landau · wall_segment Stone Wall x5 |
| 47:22 | Landau · wall_segment Stone Wall x6 |
| 47:25 | Landau · wall_segment Stone Wall x18 |
| 48:27 | Eldiano · first_building Archery Range |
| 50:11 | ReBeL_persi · wall_segment Stone Wall x1 |
| 50:39 | OzoneMX2022 · wall_segment Stone Wall x1 |
| 54:05 | Marley AoC · resign |
[ ANÁLISIS IA · 1 CRÉDITO ]
¿Qué pasó realmente en esta partida?
Wolo.gg analiza cada decisión: build order, eco, micro, errores típicos por bracket. Análisis personalizado por WhatsApp o Discord en 30 segundos.
Guía civ
Lituanos
Perfil
Jugador #6715815